 Dungeon Crawl Stone Soup version 0.29-a0-1027-gcd8c55af63 (webtiles) character file.

Game seed: 15632244684973947998

2251 siradein the Trooper (level 9, -1/72 HPs)
             Began as a Demonspawn Fighter on Aug 13, 2022.
             Was a Follower of Fedhas.
             Slain by Edmund
             ... wielding a +2 dire flail of holy wrath
              (2 damage)
             ... on level 6 of the Dungeon.
             The game lasted 00:16:47 (6999 turns).

siradein the Trooper (Demonspawn Fighter)           Turns: 6999, Time: 00:16:47

Health: -1/72      AC: 14    Str: 17    XL:     9   Next: 15%
Magic:  0/12       EV:  4    Int:  9    God:    Fedhas [*.....]
Gold:   520        SH:  7    Dex: 23    Spells: 8/8 levels left

rFire   . . .      SeeInvis .   a - +0 long sword
rCold   . . .      Faith    .   c - +0 buckler
rNeg    . . .      Spirit   +   q - +0 plate armour
rPois   .          Reflect  .   (helmet restricted)
rElec   .          Harm     .   o - +1 cloak of the Orcish Mines {*Slow rCorr Dex+4}
rCorr   +          Rampage  .   (no gloves)
Will    .....                   p - +0 pair of boots
Stlth   ..........              v - amulet of regeneration
HPRegen 1.02/turn               (no ring)
MPRegen 0.26/turn               (no ring)

@: mighty, slowed, very slow
A: horns 2, thin skeletal structure 1, magic shield, magic regeneration
a: Renounce Religion


You were on level 6 of the Dungeon.
You worshipped Fedhas.
Fedhas was aware of your devotion.
You visited 2 branches of the dungeon, and saw 7 of its levels.
You also visited: Ossuary.

You collected 520 gold pieces.

Inventory:

Hand Weapons
 a - a +0 long sword (weapon)
Missiles
 j - 6 javelins (quivered)
 r - a throwing net
Armour
 c - a +0 buckler (worn)
 o - the +1 cloak of the Orcish Mines (worn) {*Slow rCorr Dex+4}
   (You found it on level 2 of the Dungeon)

   Dex:       It affects your dexterity (+4).
   rCorr:     It protects you from acid and corrosion.
   *Slow:     It may slow you when you take damage.
 p - a +0 pair of boots (worn)
 q - a +0 plate armour (worn)
Jewellery
 v - an amulet of regeneration (around neck)
Wands
 A - a wand of digging (7)
 G - a wand of acid (14)
 I - a wand of flame (27)
Scrolls
 b - a scroll of poison {unknown}
 e - 2 scrolls of magic mapping
 f - 2 scrolls of blinking {unknown}
 k - a scroll of summoning {unknown}
 l - 3 scrolls of butterflies {unknown}
 m - 2 scrolls of teleportation
 n - 2 scrolls of torment {unknown}
 s - a scroll of enchant weapon {unknown}
 u - a scroll of noise {unknown}
 x - 2 scrolls of amnesia
 y - a scroll of silence
 z - 3 scrolls of fear {unknown}
 F - a scroll of enchant armour {unknown}
 J - a scroll of identify
Potions
 d - a potion of might
 g - 6 potions of curing
 h - a potion of mutation {unknown}
 i - a potion of brilliance
 t - a potion of heal wounds {unknown}
 w - a potion of lignification {unknown}
 B - a potion of cancellation {unknown}
 C - a potion of ambrosia {unknown}
 D - a potion of flight {unknown}
 E - a potion of magic {unknown}
 H - a potion of haste {unknown}


   Skills:
 + Level 7.2 Fighting
 + Level 6.3 Long Blades
 - Level 3.0 Armour
 + Level 6.5 Shields
 + Level 4.9 Invocations


You had 8 spell levels left.
You didn't know any spells.
Your spell library contained the following spells:

 Spells                   Type           Power      Damage    Failure   Level
 Slow                     Hex            0%         N/A       100%        1
 Summon Small Mammal      Summ           0%         N/A       100%        1
 Call Canine Familiar     Summ           0%         N/A       100%        3
 Confusing Touch          Hex            0%         N/A       100%        3
 Summon Guardian Golem    Hex/Summ       0%         N/A       100%        3
 Vampiric Draining        Necr           0%         2d6       100%        3


Dungeon Overview and Level Annotations

Branches:
Dungeon (6/15)             Temple (1/1) D:5         Ossuary (visited)

Altars:
Ashenzari
Cheibriados
Fedhas
Makhleb
Nemelex Xobeh
Qazlal
Ru
Vehumet
Wu Jian
Xom

Annotations:
D:4 2 transporters, flotson's ghost, novice DsDe
D:6 Edmund


Innate Abilities, Weirdness & Mutations

You have a pair of horns on your head.
You have a somewhat thin skeletal structure. (Dex +2, Stealth+)
When hurt, damage is shared between your health and your magic reserves.
You regenerate magic rapidly.


Message History

The hound stops to sniff the ground.
Edmund hits you with a +2 dire flail of holy wrath!
You convulse!
You hit Edmund but do no damage.
Edmund hits you with a +2 dire flail of holy wrath!
You convulse!
You are too injured to fight recklessly!
You are too injured to fight recklessly!
You are too injured to fight recklessly!
Unknown command.
You barely miss Edmund. You block Edmund's attack.
You feel very mighty all of a sudden. You block Edmund's attack.
You hit Edmund.
Edmund is lightly wounded.
Edmund hits you with a +2 dire flail of holy wrath!
You convulse.
You feel yourself slow down.
You slash Edmund! You headbutt Edmund!
Edmund is moderately wounded.
Edmund hits you with a +2 dire flail of holy wrath!
You convulse.
* * * LOW HITPOINT WARNING * * *
Edmund hits you with a +2 dire flail of holy wrath.
* * * LOW HITPOINT WARNING * * *
You convulse.
* * * LOW HITPOINT WARNING * * *
You hit Edmund but do no damage. You headbutt Edmund.
Edmund is heavily wounded.
Edmund hits you with a +2 dire flail of holy wrath!
* * * LOW HITPOINT WARNING * * *
You convulse!
* * * LOW HITPOINT WARNING * * *
Unknown command.
You slash Edmund! Your headbutt misses Edmund.
Edmund is severely wounded.
Edmund hits you with a +2 dire flail of holy wrath.
* * * LOW HITPOINT WARNING * * *
You convulse.
You die...
Fedhas appreciates your contribution to the ecosystem.

####.# #...... ##.# #......
####..# #...... ##....## #+#
##..... ###..###### #.# #...#)
#...##....###.#...#$#...#.....
#.###......##.#...$#S...#.....
#)##..#..#....#...$#$.h.#...#.
#..'...##...#@# ..#$#.. #.....
##.'...##...#@# ..... #....#
###..#..#..#h### .K. ##...##
##......##K..###h# #......
##....##......#'## ..#....
######..#.#..#..##..#....
#....#...#@..###.....
##..#.#.K#.#...###...
##......'...#..#....


You could see Edmund, a kobold brigand and a hound.

Vanquished Creatures
  Sigmund (D:6)
  A sky beast (D:6)
  An orc warrior (D:6)
  3 ogres (D:5)
  A kobold brigand (D:6)
  3 scorpions
  3 water moccasin zombies (Ossuary)
  Dowan (D:6)
  4 killer bees
  2 hounds (D:6)
  2 orc priests
  4 jellies
  A gnoll bouda (D:6)
  9 iguanas
  Ijyb (D:5)
  4 orc wizards
  2 mummies (Ossuary)
  4 gnolls
  A river rat (D:5)
  7 adders
  A white imp (D:6)
  2 ufetubi
  7 adder zombies (Ossuary)
  5 worms
  6 dart slugs
  23 orcs
  9 endoplasms
  4 giant cockroaches
  6 gnoll zombies (Ossuary)
  8 goblins
  5 hobgoblins
  12 jackals (D:1)
  14 kobolds
  5 quokkas
  8 ball pythons
  6 bats
  2 frilled lizards (D:2)
  2 hobgoblin zombies (Ossuary)
  6 kobold zombies (Ossuary)
  4 orc zombies (Ossuary)
  8 rats
198 creatures vanquished.

Notes
Turn   | Place    | Note
-------+----------+-------------------------------------------
     0 | D:1      | siradein the Demonspawn Fighter began the quest for the
                  | Orb.
     0 | D:1      | Reached XP level 1. HP: 18/18 MP: 1/1
   281 | D:1      | Gained mutation: You have a pair of small horns on your
                  | head. [demonic ancestry]
   281 | D:1      | Reached XP level 2. HP: 22/24 MP: 2/2
   800 | D:1      | Found a faded altar of an unknown god.
   897 | D:1      | Reached XP level 3. HP: 29/29 MP: 3/3
  1847 | D:2      | Gained mutation: You have a pair of horns on your head.
                  | [demonic ancestry]
  1847 | D:2      | Reached XP level 4. HP: 36/36 MP: 4/4
  2115 | D:2      | Identified the +1 cloak of the Orcish Mines {*Slow rCorr
                  | Dex+4}
  2722 | D:3      | Found a radiant altar of Vehumet.
  2967 | D:3      | Reached skill level 4 in Fighting
  2973 | D:3      | Gained mutation: You regenerate magic rapidly. [demonic
                  | ancestry]
  2973 | D:3      | Reached XP level 5. HP: 39/42 MP: 5/5
  3097 | D:3      | Found a shimmering altar of Xom.
  3455 | D:4      | Found a sacrificial altar of Ru.
  3549 | D:4      | HP: 2/42 [orc/+0 flail (10)]
  3892 | D:4      | Reached XP level 6. HP: 49/49 MP: 6/6
  4294 | D:4      | Found a transporter.
  4296 | D:4      | Noticed flotson's ghost (novice DsDe)
  4297 | D:4      | Found a transporter.
  5193 | D:5      | Entered Level 5 of the Dungeon
  5207 | D:5      | Reached skill level 5 in Fighting
  5230 | D:4      | Gained mutation: When hurt, damage is shared between your
                  | health and your magic reserves. [demonic ancestry]
  5230 | D:4      | Reached XP level 7. HP: 13/56 MP: 7/7
  5331 | D:6      | Found a sand-covered staircase.
  5340 | Ossuary  | Entered an ossuary
  5498 | Ossuary  | Reached skill level 5 in Shields
  5626 | D:5      | Reached skill level 5 in Long Blades
  5649 | D:5      | Reached skill level 6 in Fighting
  5664 | D:5      | Reached XP level 8. HP: 26/64 MP: 3/8
  5675 | D:5      | Found a staircase to the Ecumenical Temple.
  5683 | Temple   | Entered the Ecumenical Temple
  5695 | Temple   | Became a worshipper of Fedhas Madash
  5881 | D:5      | Reached skill level 1 in Invocations
  6209 | D:5      | Noticed Ijyb
  6230 | D:5      | Killed Ijyb
  6360 | D:5      | Found a sparkling altar of Nemelex Xobeh.
  6695 | D:6      | Noticed Dowan
  6718 | D:6      | Killed Dowan
  6838 | D:6      | Reached * piety under Fedhas
  6844 | D:6      | Reached skill level 7 in Fighting
  6886 | D:6      | Noticed Sigmund
  6897 | D:6      | Killed Sigmund
  6898 | D:6      | Gained mutation: You have a somewhat thin skeletal
                  | structure. (Dex +2, Stealth+) [demonic ancestry]
  6898 | D:6      | Reached XP level 9. HP: 72/72 MP: 12/12
  6978 | D:6      | Noticed Edmund
  6998 | D:6      | HP: 2/72 [Edmund/+2 dire flail of holy wrath (8)]
  6999 | D:6      | Slain by Edmund

Illustrated notes

Levels and vault maps discovered:
D:1:      tarquinn_simple_flora_water_c, layout_loops_corners,
          basic_ecumenical_altar, minivault_19, minmay_hexomino_u4
D:2:      minmay_recursive_quarters, layout_basic
D:3:      layout_basic, mainiacjoe_overflow_boulevard, amcnicky_altar_gilded,
          minmay_cupped
D:4:      layout_basic, mainiacjoe_overflow_catwalk, gammafunk_ghost_mausoleum,
          hangedman_minor_gate_pass
D:5:      layout_gridville, nemelex_diamond_rough_becter,
          mainiacjoe_overflow_alcove_4, minmay_temple_entry_arrows,
          gup_sewer_entry_bubbles, st_stairs_6, uniq_ijyb
D:6:      minmay_polygon_palace, layout_rooms, trog_wizard,
          mainiacjoe_overflow_cross_hatched, minitemple,
          nicolae_ossuary_entry_ruins, uniq_pikel, uniq_duvessa, uniq_eustachio,
          uniq_sigmund, uniq_edmund
Temple:   nicolae_temple_ecumenical_triangle

Skill      XL: |  1  2  3  4  5  6  7  8 |
---------------+-------------------------+-----
Long Blades    | 2 3 4 5 6 |  6.3
Shields        | 3 4 5 6 |  6.5
Armour         | 3 |  3.0
Fighting       | 4 5 6 7 |  7.2
Invocations    | 4 |  4.9

Action                   |  1- 3 |  4- 6 |  7- 9 || total
-------------------------+-------+-------+-------++-------
Melee: Long sword        |   117 |   175 |   401 ||   693
       Headbutt          |    11 |    40 |    87 ||   138
  Use: Scroll            |       |     5 |     2 ||     7
       Potion            |       |     2 |     1 ||     3
Armor: Scale mail        |    60 |       |       ||    60
       Chain mail        |     7 |    28 |       ||    35
       Plate armour      |       |    85 |   268 ||   353
Dodge: Dodged            |    57 |    33 |    75 ||   165
Block: Buckler           |    36 |    47 |    95 ||   178

Table legend: (Time is in decaauts)
 A = Elapsed time spent in this place.
 B = Non-inter-level travel time spent in this place.
 C = Inter-level travel time spent in this place.
 D = Time resting spent in this place.
 E = Time spent auto-exploring this place.
 F = Levels seen in this place.
 G = Mean time per level.
                   A        B        C        D        E       F      G
               +--------+--------+--------+--------+--------+-----+--------+
         Total |   7195 |   6888 |    307 |      0 |   5428 |   8 |  899.4 |
       Dungeon |   6900 |   6612 |    288 |      0 |   5311 |   6 | 1150.0 |
        Temple |     21 |      2 |     19 |      0 |      0 |   1 |   21.0 |
       Ossuary |    272 |    272 |      0 |      0 |    117 |   1 |  272.0 |
               +--------+--------+--------+--------+--------+-----+--------+

Top non-repeatable levels by time:
     D:4: 1854 daAuts
     D:1: 1549 daAuts
     D:2: 1188 daAuts
     D:5: 1147 daAuts
     D:3: 745 daAuts
     D:6: 415 daAuts
 Ossuary: 272 daAuts
  Temple: 21 daAuts
